Map: Odyssey LE

Players

SamuraiFunn - Winner!

  • Race: Protoss Protoss
  • Spawn Location: 11:00

A.I. 1 (Very Hard)

  • Race: Terran Terran
  • Spawn Location: 5:00

VOD

Have the link to the VOD?

Description

Time

  • Played on: Nov. 23, 2017, 2:56 p.m.
  • Length: 23:55
Show
View Real Time Build Order
Export as new Build Order

SamuraiFunn Protoss - Winner!

Build Orders:  

Get SALT Encoding   

  12  0:04  Probe  
  13  0:16  Probe  
  13  0:18  Pylon  
  15  0:28  Probe  
  15  0:40  Probe (Chrono Boost)  
  15  0:41  Gateway  
  17  0:52  Probe (Chrono Boost)  
  17  0:56  Probe  
  18  0:58  Assimilator  
  18  1:08  Probe  
  18  1:09  Gateway  
  19  1:20  Probe  
  20  1:32  Probe  
  21  1:49  Probe  
  22  1:59  Cybernetics Core  
  22  2:02  Probe, Pylon  
  22  2:06  Assimilator  
  23  2:20  Probe  
  24  2:32  Probe  
  25  2:46  Stargate  
  25  2:52  Assimilator  
  25  2:53  Probe  
  25  2:55  Assimilator  
  25  2:57  Nexus  
  26  3:06  Probe, Warp Gate (Chrono Boost)  
  26  3:10  Adept x2  
  31  3:19  Pylon  
  31  3:22  Pylon  
  31  3:36  Stargate  
  31  3:37  Probe  
  32  3:41  Pylon  
  32  3:57  Probe  
  33  4:09  Probe  
  34  4:18  Probe  
  34  4:21  Probe  
  36  4:30  Probe  
  37  4:33  Probe  
  37  4:34  Void Ray x2  
  46  4:42  Probe  
  48  4:45  Probe  
  48  4:46  Zealot  
  48  4:47  Zealot  
  52  5:01  Twilight Council  
  52  5:04  Probe x2  
  54  5:09  Pylon  
  54  5:12  Pylon  
  54  5:16  Probe x2  
  54  5:18  Void Ray  
  60  5:28  Void Ray  
  64  5:30  Probe  
  64  5:32  Probe  
  66  5:42  Probe  
  67  5:44  Probe  
  68  5:50  Zealot  
  68  5:51  Zealot  
  68  5:54  Probe  
  68  5:57  Probe  
  74  6:11  Probe x2  
  76  6:22  Nexus  
  76  6:23  Probe x2  
  76  6:24  Pylon  
  76  6:25  Void Ray  
  82  6:28  Pylon  
  82  6:38  Void Ray  
  86  6:43  Charge (Chrono Boost)  
  86  6:50  Probe x2  
  88  7:00  Zealot x2  
  92  7:01  Assimilator  
  92  7:03  Assimilator  
  92  7:07  Pylon  
  92  7:11  Void Ray  
  96  7:17  Protoss Air Weapons Level 1  
  96  7:21  Stargate  
  96  7:23  Stargate  
  96  7:28  Gateway  
  96  7:31  Gateway  
  96  7:35  Probe x3  
  99  7:38  Zealot x2  
  103  7:46  Void Ray  
  107  7:58  Forge  
  107  8:01  Forge  
  107  8:05  Pylon  
  107  8:08  Pylon  
  107  8:10  Probe x3  
  110  8:14  Gateway  
  110  8:15  Gateway  
  110  8:24  Void Ray x2  
  98  8:43  Zealot x2  
  96  8:52  Zealot x2  
  96  8:53  Void Ray  
  96  8:54  Void Ray  
  108  9:02  Probe x3  
  111  9:04  Zealot x2  
  115  9:16  Pylon  
  115  9:19  Pylon  
  115  9:21  Pylon  
  115  9:27  Protoss Ground Armor Level 1, Protoss Ground Weapons Level 1, Templar Archives  
  115  9:31  Protoss Air Armor Level 1  
  115  9:36  Void Ray  
  115  9:37  Void Ray  
  123  9:44  Zealot x2  
  127  9:49  Probe x3  
  130  10:12  Nexus  
  130  10:23  Void Ray x2  
  130  10:24  Void Ray  
  130  10:26  Probe  
  130  10:27  Probe  
  144  10:29  Probe  
  145  10:38  Psionic Storm, Pylon  
  145  10:41  Pylon  
  145  10:45  High Templar x4  
  153  11:00  Pylon  
  153  11:01  Pylon  
  153  11:03  Pylon  
  153  11:04  Pylon  
  153  11:07  Probe x3  
  156  11:19  Probe x3, Void Ray x3  
  171  11:28  Void Ray  
  171  11:32  Zealot x3  
  179  11:36  Zealot  
  183  12:08  Nexus, Zealot x4  
  187  12:14  Gateway x2  
  191  12:16  Gateway x2  
  191  12:21  Void Ray  
  131  13:46  Zealot x3  
  137  13:57  Zealot x2  
  137  13:58  Zealot x2  
  137  13:59  Zealot x3  
  137  14:01  Void Ray x4  
  155  14:38  Zealot  
  155  14:39  Zealot x5  
  155  14:40  Zealot x2  
  155  14:43  Void Ray  
  155  14:44  Void Ray x3  
  181  15:04  Robotics Facility  
  181  15:05  Robotics Facility  
  175  15:08  Robotics Facility  
  175  15:10  Robotics Facility  
  169  15:35  Zealot x4  
  173  15:36  Zealot x4  
  173  15:40  Protoss Ground Weapons Level 2  
  173  15:41  Protoss Ground Armor Level 2  
  183  16:17  Robotics Bay  
  181  16:21  Warp Prism x2  
  183  17:13  Gravitic Drive (Chrono Boost)  
  183  17:24  Disruptor x4  
  195  17:57  Protoss Shields Level 1  
  195  18:01  Nexus  
  195  18:08  Nexus  
Show
View Real Time Build Order
Export as new Build Order

A.I. 1 (Very Hard) Terran 

Build Orders: MMM Bio 

Get SALT Encoding   

  12  0:00  SCV  
  13  0:13  SCV  
  14  0:19  Supply Depot  
  14  0:25  SCV  
  15  0:30  Refinery  
  15  0:40  SCV  
  16  0:48  Barracks  
  16  0:53  SCV  
  17  1:05  SCV  
  17  1:09  Supply Depot  
  18  1:17  SCV  
  19  1:29  SCV  
  20  1:37  Factory, Marine  
  21  1:44  Barracks  
  21  1:46  SCV  
  22  1:55  Marine  
  22  1:58  SCV  
  24  2:03  Supply Depot  
  24  2:10  SCV  
  24  2:13  Marine  
  26  2:22  SCV  
  27  2:23  Factory Tech Lab  
  27  2:30  Marine  
  27  2:34  SCV  
  27  2:35  Marine  
  30  2:43  Siege Tank  
  33  2:46  SCV  
  34  3:05  SCV, Command Center  
  35  3:18  Refinery, Orbital Command  
  35  3:33  Engineering Bay  
  35  3:46  Marine  
  36  3:50  Marine  
  37  3:59  SCV  
  37  4:01  Missile Turret  
  38  4:02  Missile Turret  
  38  4:04  Marine  
  38  4:07  Supply Depot  
  39  4:14  Barracks  
  39  4:17  SCV x2, Marine  
  39  4:22  Barracks Tech Lab  
  42  4:29  SCV  
  43  4:36  SCV  
  44  4:39  Barracks Tech Lab, Starport  
  44  4:41  SCV  
  44  4:44  Marine  
  46  4:48  SCV  
  46  4:51  Stimpack  
  47  4:53  SCV  
  47  4:56  Combat Shields  
  47  4:57  Marine  
  49  5:04  Marauder  
  49  5:06  Orbital Command  
  51  5:10  SCV  
  51  5:12  Marine  
  53  5:16  Marauder  
  55  5:22  SCV  
  55  5:25  Supply Depot  
  55  5:26  Marauder  
  58  5:31  Barracks Reactor  
  58  5:33  Siege Tank  
  58  5:34  SCV  
  62  5:41  Refinery  
  62  5:46  Refinery  
  62  5:47  SCV, Marine, Marauder  
  62  5:48  SCV, Supply Depot  
  67  6:00  SCV x2, Terran Infantry Weapons Level 1  
  69  6:08  Marine  
  69  6:10  Marauder, Siege Tank  
  75  6:11  Engineering Bay  
  75  6:12  SCV  
  75  6:13  SCV  
  75  6:14  Supply Depot  
  77  6:24  SCV  
  78  6:35  Missile Turret  
  78  6:36  SCV x2, Marauder  
  78  6:37  Terran Infantry Armor Level 1  
  78  6:38  Missile Turret  
  78  6:39  Marauder  
  84  6:40  Supply Depot  
  84  6:43  Siege Tank  
  86  7:01  SCV, Viking  
  86  7:02  SCV, Marauder  
  86  7:07  Barracks  
  92  7:09  Supply Depot  
  92  7:10  Concussive Shells  
  92  7:29  Command Center, Missile Turret  
  92  7:31  Starport Reactor, Supply Depot, Marauder  
  94  7:53  Marine, Marauder, Siege Tank  
  94  7:55  Supply Depot  
  100  8:07  Medivac, Viking  
  104  8:16  Marine  
  104  8:17  Marauder  
  104  8:19  Supply Depot  
  107  8:25  Widow Mine  
  109  8:35  Marauder  
  109  8:37  Armory, Viking x2  
  109  8:40  Marine x2  
  100  8:42  SCV x2  
  100  8:43  SCV  
  100  8:44  Marine  
  100  8:46  Marine  
  93  8:53  Widow Mine  
  93  8:54  SCV  
  82  8:56  SCV x2, Marine, Refinery  
  82  8:58  Marine, Marauder  
  82  9:02  Marine  
  89  9:04  Marine  
  89  9:06  SCV  
  89  9:07  Medivac, Viking  
  89  9:08  SCV x2  
  97  9:13  Marine  
  97  9:16  Marine  
  99  9:18  SCV  
  99  9:20  Marauder  
  99  9:21  SCV  
  99  9:22  SCV, Siege Tank  
  107  9:27  Terran Infantry Weapons Level 2  
  107  9:30  SCV  
  108  9:32  Marauder  
  108  9:33  SCV  
  108  9:35  SCV  
  108  9:37  Marine, Viking x2  
  117  9:43  SCV  
  118  9:45  SCV  
  118  9:47  SCV  
  120  9:53  Supply Depot, Marine  
  120  9:55  SCV  
  120  9:56  Marauder  
  124  10:01  Siege Tank  
  127  10:07  Viking x2  
  127  10:12  Marauder  
  133  10:15  Orbital Command  
  133  10:20  Supply Depot  
  133  10:21  Marine, Missile Turret  
  133  10:23  Marine, Missile Turret  
  134  10:28  Terran Ship Weapons Level 1  
  134  10:33  Widow Mine, Marauder  
  138  10:35  Armory  
  138  10:37  Viking x2  
  138  10:40  Marauder  
  138  10:42  Supply Depot  
  144  10:55  Refinery  
  144  11:02  Siege Tank  
  147  11:04  Factory  
  147  11:07  Medivac, Viking  
  147  11:08  Starport, Command Center  
  147  11:10  Supply Depot  
  151  11:26  Hi-Sec Auto Tracking, Missile Turret  
  151  11:28  Missile Turret  
  151  11:34  Widow Mine, Supply Depot  
  151  11:37  Viking x2  
  157  11:43  Building Armor  
  157  11:44  Viking  
  159  11:47  Factory Tech Lab  
  159  11:51  Missile Turret  
  159  11:55  Marine, Barracks  
  159  11:57  Barracks Tech Lab, Supply Depot  
  159  11:58  Marine  
  161  12:02  Marine  
  161  12:03  Marine, Siege Tank  
  161  12:07  Viking  
  168  12:13  Marine  
  168  12:15  Starport Tech Lab  
  169  12:16  Medivac, Marine  
  169  12:18  Marauder  
  169  12:20  Marine  
  169  12:21  Supply Depot  
  169  12:22  SCV x3, Marine  
  179  12:23  SCV, Terran Infantry Weapons Level 3  
  179  12:27  Refinery  
  180  12:32  Marauder  
  180  12:33  Command Center, Missile Turret  
  180  12:34  SCV, Raven  
  180  12:35  Planetary Fortress  
  180  12:36  Missile Turret  
  185  12:37  Viking  
  185  12:39  SCV  
  186  12:44  Marauder  
  186  12:46  Marauder, Viking  
  186  12:50  Marine  
  150  12:51  Marine  
  150  12:53  Marine  
  150  12:54  Marine  
  105  13:06  Marauder  
  105  13:07  Marine, Viking  
  105  13:08  Marine  
  105  13:10  Marine  
  105  13:12  Marine  
  92  13:13  Marine  
  92  13:16  Viking  
  92  13:17  Medivac  
  94  13:25  Marine  
  94  13:26  Marine  
  87  13:27  Marauder  
  87  13:29  Marauder  
  87  13:30  Marine x2  
  87  13:33  Ghost Academy  
  92  13:36  SCV x2  
  92  13:37  SCV, Viking  
  83  13:43  Marauder  
  83  13:44  Marine  
  83  13:45  Viking  
  83  13:47  Viking  
  83  13:48  SCV x2, Marine  
  88  13:50  Marauder  
  88  13:51  SCV  
  87  13:56  Marine x2  
  87  13:59  SCV  
  87  14:01  Marine  
  80  14:04  Marine  
  80  14:06  Marauder  
  80  14:07  Medivac  
  80  14:08  SCV x2  
  86  14:11  Ghost  
  86  14:14  Marine  
  86  14:15  SCV, Viking  
  90  14:17  Viking  
  90  14:19  Marine  
  90  14:20  SCV  
  90  14:22  Marine  
  90  14:23  SCV x2  
  88  14:28  Marauder  
  88  14:29  Command Center  
  90  14:31  Marine  
  90  14:35  SCV  
  90  14:37  SCV, Marine, Viking  
  88  14:39  Marine  
  88  14:41  Marine  
  81  14:45  Viking  
  81  14:49  Marine  
  84  14:58  SCV  
  84  14:59  SCV  
  86  15:01  SCV  
  86  15:03  Marine  
  86  15:05  Marine, Command Center  
  86  15:06  Marine  
  69  15:09  Marine  
  69  15:10  SCV  
  44  15:25  Marine  
  36  15:28  Marine  
  36  15:31  Marine  
  36  15:32  Marine  
  33  15:37  Marauder  
  33  15:43  SCV x2, Marauder  
  33  15:46  Marine  
  33  15:52  Marine x2  
  33  15:53  SCV  
  32  15:59  Marauder  
  29  16:14  Marine  
  29  16:17  Marine  
  28  16:19  SCV x4, Marine x2  
  28  16:20  Marauder  
  26  16:48  Marine  
  26  16:49  Marine  
  26  16:52  SCV x2, Marine x2  
  26  16:53  Marauder  
  31  17:11  SCV  
  31  17:12  SCV  
  32  17:19  SCV, Marine  
  32  17:23  SCV  
  32  17:35  SCV x3, Marine, Marauder  
  37  17:38  Marauder  
  39  17:46  Marine  
  39  17:47  SCV x2  
  41  17:53  Marauder  
  41  17:55  SCV  
  43  18:04  SCV x2  
  44  18:07  SCV  
  45  18:13  Marauder  
  45  18:16  SCV  
  47  18:20  SCV x2  
  47  18:21  Marine  
  48  18:28  SCV  
  48  18:32  SCV  
  49  18:35  SCV  
  49  18:36  Marauder  
  49  18:40  SCV  
  52  18:43  Marine x2  
  52  18:45  SCV  
  52  18:47  SCV  
  43  18:51  Marine x2  
  43  18:52  SCV  
  32  18:56  Marine  
  32  19:01  Marine  
  32  19:02  SCV  
  29  19:05  Marine  
  29  19:09  Marine  
  28  19:10  Command Center  
  16  20:05  SCV  
  16  20:06  SCV x2  
  17  20:18  SCV x3  
  20  20:30  SCV  
  15  20:54  SCV  
  15  20:55  SCV  
  16  21:18  SCV  
  16  21:48  SCV  
  15  22:05  Command Center  
  14  22:10  SCV  
  15  22:19  SCV  
  15  22:38  SCV  
  15  22:39  SCV  
  15  22:44  SCV  
  15  23:01  SCV  
  15  23:20  SCV  
  14  23:36  SCV  
Tags
 
Composition
MMM Bio
Matchup
PvT
Replay Pack
First 100 games
Spawn Locations
Cross Positions
Add a new tag
Caveats
  • Supply blocks, unpowered buildings, or Contaminate may cause inaccurate times.
  • Supply counts are checked every 10 seconds.